 Dungeon Crawl Stone Soup version 0.27.1-34-g3ba077fa99 (webtiles) character file.

Game seed: 6657402801764460622

326 raph the Firebug (level 6, -9/32 HPs)
             Began as a Deep Elf Fire Elementalist on Jan 4, 2022.
             Mangled by Duvessa (15 damage)
             ... on level 4 of the Dungeon.
             The game lasted 00:06:38 (5256 turns).

raph the Firebug (Deep Elf Fire Elementalist)       Turns: 5256, Time: 00:06:39

Health: -9/32      AC:  6    Str:  5    XL:     6   Next: 24%
Magic:  3/12       EV: 13    Int: 26    God:
Gold:   978        SH:  0    Dex: 19    Spells: 3/11 levels left

rFire    . . .     SeeInvis .   g - +0 long sword
rCold    . . .     Faith    .   (no shield)
rNeg     + . .     Spirit   .   f - +2 robe {rN+}
rPois    +         Reflect  .   e - +0 helmet
rElec    .         Harm     .   (no cloak)
rCorr    .         Rampage  .   (no gloves)
Will     .....                  d - +0 pair of boots
Stlth    ++........             (no amulet)
HPRegen  0.10/turn              h - ring "Boucoot" {rPois Int+4 Dex+4}
MPRegen  0.13/turn              (no ring)

@: no status effects
A: no striking features
a: no special abilities


You were on level 4 of the Dungeon.
You visited 1 branch of the dungeon, and saw 4 of its levels.

You collected 978 gold pieces.

Inventory:

Hand Weapons
 b - a +0 dagger
 g - a +0 long sword (weapon)
Missiles
 c - 2 poisoned darts
Armour
 a - a +0 robe
 d - a +0 pair of boots (worn)
 e - a +0 helmet (worn)
 f - a +2 robe of positive energy (worn)
Jewellery
 h - the ring "Boucoot" (left hand) {rPois Int+4 Dex+4}
   (You acquired it on level 3 of the Dungeon)

   [ring of poison resistance]

   Int:       It affects your intelligence (+4).
   Dex:       It affects your dexterity (+4).
   rPois:     It protects you from poison.
Potions
 i - a potion of magic {unknown}
 j - a potion of haste {unknown}
 k - a potion of ambrosia {unknown}
 l - 2 potions of lignification {unknown}
 m - a potion of cancellation {unknown}


   Skills:
 - Level 2.4 Dodging
 - Level 2.4 Stealth
 - Level 3.0 Spellcasting
 + Level 3.8 Conjurations
 + Level 6.7 Fire Magic


You had 3 spell levels left.
You knew the following spells:

 Your Spells              Type           Power      Damage    Failure   Level
a - Foxfire               Conj/Fire      100%       2x1d9     1%          1
b - Conjure Flame         Conj/Fire      31%        6-21      3%          3
c - Sticky Flame          Conj/Fire      31%        2d5       11%         4

Your spell library contained the following spells:

 Spells                   Type           Power      Damage    Failure   Level
 Inner Flame              Hex/Fire       21%        N/A       7%          3
 Fireball                 Conj/Fire      15%        3d8       30%         5


Dungeon Overview and Level Annotations

Branches:
Dungeon (4/15)
 Temple: D:4-7

Altars:
Fedhas

Annotations:
D:4 Duvessa, Purgy


Message History

The foxfire hits Duvessa but does no damage.
Duvessa is lightly wounded.
The foxfire hits Duvessa!
Duvessa is moderately wounded.
The foxfire hits Duvessa but does no damage.
Duvessa is moderately wounded.
Casting: Foxfire (safe; 1% risk of failure)
Confirm with . or Enter, or press ? or * to list all spells.
You conjure some foxfire!
The foxfire hits Duvessa but does no damage.
Duvessa is moderately wounded.
Casting: Foxfire (safe; 1% risk of failure)
Confirm with . or Enter, or press ? or * to list all spells.
You conjure some foxfire!
The foxfire hits Duvessa but does no damage.
Duvessa is moderately wounded.
The foxfire hits Duvessa but does no damage.
Duvessa is moderately wounded.
The foxfire hits Duvessa.
Duvessa is moderately wounded.
Duvessa hits you with a +1 short sword of freezing!!
Ouch! That really hurt!
Duvessa freezes you!
* * * LOW HITPOINT WARNING * * *
The foxfire hits Duvessa but does no damage.
Duvessa is moderately wounded.
The foxfire hits Duvessa.
Duvessa is heavily wounded.
You aren't carrying any scrolls.
Okay, then.
Casting: Foxfire (safe; 1% risk of failure)
Confirm with . or Enter, or press ? or * to list all spells.
Aiming: Sticky Flame (quite dangerous; 11% risk of failure)
Press: ? - help, Shift-Dir - straight line, f - Duvessa
Aim: Duvessa, wielding a +1 short sword of freezing and wearing a +0 leather armour (heavily wounded, berserk, 100% to hit)
The sticky flame hits Duvessa.
Duvessa is heavily wounded.
Duvessa is covered in liquid flames!
Duvessa burns!
Duvessa closely misses you.
Duvessa hits you with a +1 short sword of freezing!
You die...

+.........# #.<......#
#........# #........#
#........+ ##.(.....#
##.......##########
#........##.......##.
#........#@e.........
#.....[..#ยง..........
#........'........##.
#........####'#####
##.......# ....
######### ......
....... .>.....# ...#


You could see Duvessa (berserk, burning).

Vanquished Creatures
  2 scorpions (D:4)
  Dowan (D:4)
  An iguana (D:3)
  An orc wizard (D:2)
  2 adders (D:3)
  3 worms
  A dart slug (D:3)
  5 orcs
  3 bats
  7 endoplasms
  A giant cockroach (D:1)
  A goblin (D:2)
  4 hobgoblins
  6 jackals
  7 quokkas
  5 ball pythons
  5 frilled lizards
  10 kobolds
  4 rats (D:1)
69 creatures vanquished.

Vanquished Creatures (collateral kills)
  7 foxfires (D:1)
7 creatures vanquished.

Vanquished Creatures (others)
  284 foxfires
284 creatures vanquished.

Grand Total: 360 creatures vanquished

Notes
Turn   | Place    | Note
-------+----------+-------------------------------------------
     0 | D:1      | raph the Deep Elf Fire Elementalist began the quest for the
                  | Orb.
     0 | D:1      | Reached XP level 1. HP: 10/10 MP: 6/6
   505 | D:1      | Found a faded altar of an unknown god.
   594 | D:1      | Reached skill level 4 in Fire Magic
   594 | D:1      | Reached XP level 2. HP: 15/15 MP: 4/8
  1712 | D:2      | Identified a scroll of acquirement
  1712 | D:2      | Acquired 877 gold pieces
  1730 | D:2      | Reached XP level 3. HP: 19/19 MP: 4/9
  1734 | D:2      | Learned a level 3 spell: Conjure Flame
  2048 | D:2      | Reached skill level 5 in Fire Magic
  2110 | D:2      | Reached XP level 4. HP: 24/24 MP: 6/10
  2296 | D:2      | Learned a level 4 spell: Sticky Flame
  3369 | D:3      | Acquired the ring "Boucoot" {rPois Int+4 Dex+4}
  3487 | D:3      | Reached XP level 5. HP: 28/28 MP: 4/11
  3822 | D:3      | Reached skill level 6 in Fire Magic
  3940 | D:3      | Found a blossoming altar of Fedhas.
  4093 | D:4      | Noticed Purgy
  4288 | D:4      | Noticed Dowan
  4419 | D:4      | Killed Dowan
  4701 | D:4      | Noticed Duvessa
  4725 | D:4      | Reached XP level 6. HP: 32/32 MP: 6/12
  5256 | D:4      | Mangled by Duvessa

Illustrated notes

Levels and vault maps discovered:
D:1:      pf_arrival_petrified_forest, layout_basic, serial_bayou,
          serial_bayou_crossing, serial_bayou_shore_b, serial_bayou_pond_d,
          serial_bayou_shore_a, hellmonk_ecumenical_altar_crossroads
D:2:      layout_basic, chequers_serial_rivers_micro_e
D:3:      layout_loops_cross, pf_just_have_faith, minmay_unequal
D:4:      layout_gridville, uniq_duvessa, uniq_purgy

Skill      XL: |  1  2  3  4  5 |
---------------+----------------+-----
Fire Magic     | 4 5 6 |  6.7
Conjurations   | 2 3 |  3.8
Dodging        | |  2.4
Stealth        | |  2.4
Spellcasting   | |  3.0

Action                   |  1- 3 |  4- 6 || total
-------------------------+-------+-------++-------
Melee: Dagger            |     1 |       ||     1
       Long sword        |       |     8 ||     8
 Cast: Foxfire           |    95 |    89 ||   184
       Sticky Flame      |       |     3 ||     3
  Use: Scroll            |     2 |     3 ||     5
 Stab: Sleeping          |     1 |       ||     1
Armor: Robe              |     1 |     6 ||     7
Dodge: Dodged            |     6 |    21 ||    27
       Rpst.: Long sword |       |     5 ||     5
